 Dungeon Crawl Stone Soup version 0.21.1-1-g345015fe64 (webtiles) character file.

94 KleinerIrrer the Skirmisher (level 4, -4/41 HPs)
             Began as a Draconian Transmuter on Apr 4, 2018.
             Slain by Ge0ff's ghost (9 damage)
             ... on level 3 of the Dungeon.
             The game lasted 00:00:49 (3116 turns).

KleinerIrrer the Skirmisher (Draconian Transmuter)  Turns: 3116, Time: 00:00:50

Health: -4/41      AC:  5    Str: 13    XL:     4   Next: 38%
Magic:  7/7        EV: 12    Int: 13    God:
Gold:   86         SH:  0    Dex: 12    Spells: 6/7 levels left

rFire    . . .     SeeInvis .   Y - +1 short sword
rCold    . . .     Gourm    .   (no shield)
rNeg     . . .     Faith    .   (armour unavailable)
rPois    .         Spirit   .   (helmet restricted)
rElec    .         Reflect  .   (no cloak)
rCorr    .         Harm     .   (no gloves)
MR       +....                  (no boots)
Stlth    +.........             (no amulet)
HPRegen  0.13/turn              (no ring)
MPRegen  0.10/turn              (no ring)

@: appendage (expiring)
A: unfitting armour, horns 2, magic resistance 1, screaming 1, cold-blooded, AC
+5
a: End Transformation


You were on level 3 of the Dungeon.
You were not hungry.
You had grown temporary horns.
You visited 1 branch of the dungeon, and saw 3 of its levels.

You collected 86 gold pieces.


Innate Abilities, Weirdness & Mutations

Your plain brown scales are hard. (AC +5)
You cannot fit into any form of body armour.
You are cold-blooded and may be slowed by cold attacks.
You have a pair of horns on your head.
You are resistant to hostile enchantments. (MR+)
You occasionally shout uncontrollably at your foes.


   Skills:
 + Level 4.7 Fighting
 - Level 1.7 Dodging
 - Level 3.0 Unarmed Combat
 - Level 2.0 Spellcasting
 - Level 2.0 Transmutations


You had 6 spell levels left.
You knew the following spells:

 Your Spells              Type           Power        Failure   Level  Hunger
a - Beastly Appendage     Tmut           #.....       11%         1    ##.....

Inventory:

Hand Weapons
 Y - a +1 short sword (weapon)
Jewellery
 i - an uncursed ring of protection from cold {unknown}
Potions
 a - a potion of mutation
 d - 2 potions of curing
 e - a potion of heal wounds {unknown}
 l - a potion of lignification {unknown}
Books
 b - a book of Changes

   Spells                             Type                      Level
   a - Beastly Appendage              Transmutation                1
   b - Sticks to Snakes               Transmutation                2
   c - Spider Form                    Transmutation/Poison         3
   d - Ice Form                       Ice/Transmutation            4
   e - Blade Hands                    Transmutation                5
Comestibles
 f - 3 rations

Dungeon Overview and Level Annotations

Branches:
Dungeon (3/15)

Altars:
Ashenzari
Dithmenos
Wu Jian

Annotations:
D:3 Ge0ff's ghost, amateur BaAE


Message History

Ge0ff's ghost is lightly damaged.
Ge0ff's ghost points at you and mumbles some strange words.
The zap hits you!
You hit Ge0ff's ghost.
You headbutt Ge0ff's ghost, but do no damage.
Ge0ff's ghost is moderately damaged.
Your transformation is almost over.
Ge0ff's ghost casts a spell.
Ge0ff's ghost puts on a burst of speed!
You hit Ge0ff's ghost. You headbutt Ge0ff's ghost. You tail-slap Ge0ff's ghost.
Ge0ff's ghost is heavily damaged.
Ge0ff's ghost misses you.
You hit Ge0ff's ghost. You headbutt Ge0ff's ghost.
Ge0ff's ghost is heavily damaged.
Ge0ff's ghost hits you but does no damage.
You closely miss Ge0ff's ghost. You headbutt Ge0ff's ghost!
Ge0ff's ghost is severely damaged.
Ge0ff's ghost whispers, "It is all a dream - a grotesque and foolish dream."
Ge0ff's ghost hits you!
You die...

##########
###........#######
#.....(..........#
#................#
#........?....!..#
#........>@......#
#..........W.....#
#........#######.#
#........#
#........#
#........#
###.###### #...#
#...#


You could see Ge0ff's ghost.

Vanquished Creatures
  Terence (D:2)
  3 adders (D:2)
  A dart slug (D:2)
  A leopard gecko (D:2)
  4 giant cockroaches
  4 goblins
  5 hobgoblins
  3 jackals (D:2)
  9 bats
  3 frilled lizards
  5 kobolds (D:1)
  2 rats
41 creatures vanquished.

Notes
Turn   | Place    | Note
-------+----------+-------------------------------------------
     0 | D:1      | KleinerIrrer the Draconian Transmuter began the quest for the Orb.
     0 | D:1      | Reached XP level 1. HP: 16/16 MP: 3/3
     0 | D:1      | 0 ||| counter = 20
    26 | D:1      | 26 ||| CASTING Beastly Appendage
    94 | D:1      | 94 ||| CASTING Beastly Appendage
   122 | D:1      | 122 ||| CASTING Beastly Appendage
   185 | D:1      | 185 ||| Wielding weapon club.
   256 | D:1      | 256 ||| CASTING Beastly Appendage
   261 | D:1      | Reached skill level 2 in Fighting
   322 | D:1      | 322 ||| CASTING Beastly Appendage
   338 | D:1      | 338 ||| SWAPPING to short sword.
   339 | D:1      | 339 ||| DROPPING +0 club.
   431 | D:1      | 431 ||| CASTING Beastly Appendage
   468 | D:1      | 468 ||| CASTING Beastly Appendage
   474 | D:1      | Reached XP level 2. HP: 24/25 MP: 3/5
   493 | D:1      | 493 ||| CASTING Beastly Appendage
   516 | D:1      | 516 ||| CASTING Beastly Appendage
   646 | D:1      | 646 ||| CASTING Beastly Appendage
   813 | D:1      | 813 ||| CASTING Beastly Appendage
   838 | D:1      | 838 ||| CASTING Beastly Appendage
  1031 | D:1      | 1031 ||| CASTING Beastly Appendage
  1118 | D:1      | 1118 ||| CASTING Beastly Appendage
  1141 | D:1      | 1141 ||| CASTING Beastly Appendage
  1212 | D:1      | 1212 ||| READING scroll labeled NUT BUMIAM.
  1213 | D:1      | 1213 ||| READING scroll labeled MOAF IHAZXIYHI.
  1214 | D:1      | 1214 ||| READING scroll labeled PUTOACV DUSU.
  1215 | D:1      | 1215 ||| READING scroll labeled UDIHIO FAEDOSEO.
  1216 | D:1      | 1216 ||| DRINKING 2 ruby potions.
  1217 | D:1      | 1217 ||| DROPPING 61 arrows.
  1218 | D:1      | 1218 ||| DROPPING potion of brilliance.
  1243 | D:2      | Noticed Terence
  1247 | D:2      | 1247 ||| CASTING Beastly Appendage
  1257 | D:2      | 1257 ||| STAIRDANCE
  1266 | D:2      | 1266 ||| CASTING Beastly Appendage
  1274 | D:2      | Killed Terence
  1274 | D:2      | Reached skill level 3 in Fighting
  1274 | D:2      | Reached XP level 3. HP: 28/33 MP: 4/6
  1275 | D:2      | 1275 ||| STAIRDANCE
  1323 | D:2      | 1323 ||| CASTING Beastly Appendage
  1347 | D:2      | 1347 ||| CASTING Beastly Appendage
  1369 | D:2      | 1369 ||| CASTING Beastly Appendage
  1370 | D:2      | 1370 ||| CASTING Beastly Appendage
  1379 | D:2      | Reached skill level 4 in Fighting
  1555 | D:2      | 1555 ||| CASTING Beastly Appendage
  1576 | D:2      | 1576 ||| CASTING Beastly Appendage
  1590 | D:2      | 1590 ||| CASTING Beastly Appendage
  1606 | D:2      | 1606 ||| CASTING Beastly Appendage
  1667 | D:2      | 1667 ||| CASTING Beastly Appendage
  1680 | D:2      | 1680 ||| CASTING Beastly Appendage
  1690 | D:2      | 1690 ||| STAIRDANCE
  1698 | D:1      | 1698 ||| DRINKING 3 lumpy blue potions.
  1837 | D:2      | 1837 ||| CASTING Beastly Appendage
  1880 | D:2      | 1880 ||| CASTING Beastly Appendage
  1892 | D:2      | 1892 ||| CASTING Beastly Appendage
  1907 | D:2      | 1907 ||| CASTING Beastly Appendage
  1917 | D:2      | 1917 ||| CASTING Beastly Appendage
  1927 | D:2      | 1927 ||| CASTING Beastly Appendage
  1939 | D:2      | 1939 ||| STAIRDANCE
  1944 | D:1      | 1944 ||| READING scroll labeled YSASIMMYRAC.
  1947 | D:1      | 1947 ||| DRINKING 2 grey potions.
  1947 | D:1      | Gained mutation: You occasionally shout uncontrollably at your foes. [potion of mutation]
  1947 | D:1      | Gained mutation: You are resistant to hostile enchantments. (MR+) [potion of mutation]
  1950 | D:1      | 1950 ||| EATING ration.
  2010 | D:2      | 2010 ||| CASTING Beastly Appendage
  2020 | D:2      | 2020 ||| CASTING Beastly Appendage
  2029 | D:2      | 2029 ||| STAIRDANCE
  2128 | D:2      | 2128 ||| CASTING Beastly Appendage
  2132 | D:2      | Reached XP level 4. HP: 41/41 MP: 5/7
  2176 | D:2      | 2176 ||| CASTING Beastly Appendage
  2177 | D:2      | 2177 ||| CASTING Beastly Appendage
  2189 | D:2      | 2189 ||| CASTING Beastly Appendage
  2200 | D:2      | 2200 ||| CASTING Beastly Appendage
  2259 | D:2      | 2259 ||| CASTING Beastly Appendage
  2274 | D:2      | 2274 ||| CASTING Beastly Appendage
  2643 | D:2      | 2643 ||| CASTING Beastly Appendage
  2656 | D:2      | 2656 ||| CASTING Beastly Appendage
  2672 | D:2      | 2672 ||| STAIRDANCE
  2675 | D:1      | 2675 ||| READING scroll labeled FIRHAR OPLE.
  2678 | D:2      | 2678 ||| CASTING Beastly Appendage
  2679 | D:2      | 2679 ||| Stepping ~*~*~tactically~*~*~ (outnumbered).
  2842 | D:2      | 2842 ||| CASTING Beastly Appendage
  2844 | D:2      | 2844 ||| Stepping ~*~*~tactically~*~*~ (outnumbered).
  2986 | D:2      | Found an ornate altar of the Wu Jian Council.
  2993 | D:2      | Found a shadowy altar of Dithmenos.
  2996 | D:2      | Found a shattered altar of Ashenzari.
  3063 | D:3      | 3063 ||| CASTING Beastly Appendage
  3064 | D:3      | 3064 ||| STAIRDANCE
  3078 | D:3      | 3078 ||| CASTING Beastly Appendage
  3081 | D:3      | 3081 ||| STAIRDANCE
  3103 | D:3      | Noticed Ge0ff's ghost (amateur BaAE)
  3106 | D:3      | 3106 ||| CASTING Beastly Appendage
  3112 | D:3      | HP: 4/41 [Ge0ff's ghost/zap (7)]
  3116 | D:3      | Slain by Ge0ff's ghost

Vault maps used:
D:1:      lemuel_arrival_hallway
D:2:      minitemple, fountainhead, minmay_pentomino_s2, uniq_terence
D:3:      gammafunk_temple_overflow_elements, first_ration

Skill      XL: |  1  2  3 |
---------------+----------+-----
Fighting       | 2 3 4 |  4.7
Dodging        | |  1.7
Unarmed Combat | |  3.0
Spellcasting   | |  2.0
Transmutations | |  2.0

Action                   |  1- 3 |  4- 6 || total
-------------------------+-------+-------++-------
Melee: Unarmed           |    10 |       ||    10
       Short sword       |    82 |    52 ||   134
       Kick              |    10 |     2 ||    12
       Club              |     4 |       ||     4
       Tailslap          |     8 |     5 ||    13
       Headbutt          |     7 |    11 ||    18
       Punch             |     1 |     1 ||     2
 Cast: Beastly Appendage |    32 |    12 ||    44
  Use: Scroll            |     5 |     1 ||     6
       Potion            |     3 |       ||     3
  Eat: Chunk             |     3 |     2 ||     5
       Ration            |     1 |       ||     1
Armor: Skin              |    29 |    21 ||    50
Dodge: Dodged            |    81 |    36 ||   117

Table legend:
 A = Spawn XP
 B = Non-spawn XP
 C = Spawn XP percentage of total XP
 D = Spawn monster count
 E = Non-spawn monster count
 F = Spawn count percentage of total count
 G = Total turns spent on level
                    A         B        C        D         E        F      G
               +---------+---------+-------+---------+---------+-------+---------
         Total |       0 |     135 |   0.0 |       0 |      41 |   0.0 |  3116
               +---------+---------+-------+---------+---------+-------+---------
           D:1 |       0 |      23 |   0.0 |       0 |      18 |   0.0 |  1341
           D:2 |       0 |     110 |   0.0 |       0 |      22 |   0.0 |  1740
           D:3 |       0 |       2 |   0.0 |       0 |       1 |   0.0 |    35
               +---------+---------+-------+---------+---------+-------+---------
